 Dungeon Crawl Stone Soup version 0.29.1-12-g30fa7ad0bf (webtiles) character file.

Game seed: 119007230877600500

9479 MisterFreud the Fighter (level 11, -2/101 HPs)
             Began as a Minotaur Fighter on Dec 28, 2022.
             Was a Follower of Yredelemnul.
             Slain by a cyan ugly thing (8 damage)
             ... on level 11 of the Dungeon.
             The game lasted 00:12:43 (12632 turns).

MisterFreud the Fighter (Minotaur Fighter)         Turns: 12632, Time: 00:12:43

Health: -2/101     AC: 11    Str: 28    XL:     11   Next: 23%
Magic:  16/16      EV:  8    Int:  5    God:    Yredelemnul [*.....]
Gold:   522        SH: 10    Dex:  9    Spells: 10/10 levels left

rFire   . . .      SeeInvis .   J - +8 broad axe of Exquisite Death {drain, Str+2 Stlth+}
rCold   . . .      Faith    .   c - +1 buckler
rNeg    . . .      Spirit   .   f - +0 chain mail
rPois   .          Reflect  +   (helmet restricted)
rElec   .          Harm     .   (no cloak)
rCorr   .          Rampage  .   p - +0 pair of gloves
Will    .....                   (no boots)
Stlth   ..........              n - amulet of reflection
HPRegen 0.26/turn               (no ring)
MPRegen 0.15/turn               (no ring)

@: no status effects
A: horns 2, retaliatory headbutt
a: Renounce Religion, Recall Undead Harvest


You were on level 11 of the Dungeon.
You worshipped Yredelemnul.
Yredelemnul was aware of your devotion.
You visited 1 branch of the dungeon, and saw 11 of its levels.

You collected 561 gold pieces.
You spent 39 gold pieces at shops.

Inventory:

Hand Weapons
 a - a +1 long sword
 J - the +8 broad axe of Exquisite Death (weapon) {drain, Str+2 Stlth+}
   (You found it on level 8 of the Dungeon)

   A truly terrible weapon, it drains the life of any living foe it strikes.
   Str:       It affects your strength (+2).
   Stlth:     It makes you more stealthy.
Missiles
 e - 3 javelins (quivered)
 l - 10 poisoned darts
 r - 2 throwing nets
 A - 4 boomerangs
 L - a curare-tipped dart
Armour
 b - a +0 scale mail
 c - a +1 buckler (worn)
 f - a +0 chain mail (worn)
 p - a +0 pair of gloves (worn)
Jewellery
 n - an amulet of reflection (around neck)
 o - a +6 ring of dexterity
 y - a ring of flight
 z - a ring of poison resistance
 C - the ring of the Death Scarab {rPois rF+ Int-4 SInv Stlth-}
   (You found it on level 11 of the Dungeon)

   [ring of protection from fire]

   Int:       It affects your intelligence (-4).
   rF:        It protects you from fire.
   rPois:     It protects you from poison.
   SInv:      It lets you see invisible.
   Stlth:     It makes you less stealthy.
 G - an amulet of the acrobat
 H - a ring of resist corrosion
Wands
 t - a wand of iceblast (5)
 u - a wand of mindburst (4)
 D - a wand of digging (1)
Scrolls
 g - 3 scrolls of fog
 q - 2 scrolls of enchant weapon
 s - a scroll of blinking
 E - 5 scrolls of teleportation
 F - a scroll of summoning
 K - 3 scrolls of enchant armour
Potions
 d - 5 potions of might
 h - 3 potions of brilliance
 i - 3 potions of curing
 j - a potion of heal wounds
 k - a potion of haste
 m - a potion of magic
 v - a potion of berserk rage {unknown}
 w - a potion of attraction
 x - a potion of mutation
 B - a potion of degeneration
 I - 2 potions of flight
 M - a potion of ambrosia


   Skills:
 - Level 10.9 Fighting
 - Level 10.0 Long Blades
 + Level 10.7 Axes
 - Level 6.0 Armour
 - Level 4.0 Shields
 - Level 8.7 Invocations


You had 10 spell levels left.
You didn't know any spells.
Your spell library contained the following spells:

 Spells                   Type           Power      Damage    Failure   Level
 Static Discharge         Conj/Air       0%         3-3/arc   99%         2
 Portal Projectile        Hex/Tloc       0%         N/A       100%        3
 Tukima's Dance           Hex            0%         N/A       100%        3
 Dispel Undead            Necr           0%         3d6       100%        4
 Passage of Golubria      Tloc           0%         N/A       100%        4
 Petrify                  Tmut/Erth      0%         N/A       100%        4
 Sticky Flame             Conj/Fire      0%         2d3       100%        4
 Blade Hands              Tmut           0%         N/A       100%        5
 Freezing Cloud           Conj/Ice/Air   0%         6-21      100%        5
 Metabolic Englaciation   Hex/Ice        0%         N/A       100%        5
 Yara's Violent Unravell  Hex/Tmut       0%         3d3       100%        5
 Statue Form              Tmut/Erth      0%         N/A       100%        6
 Polar Vortex             Ice            0%         N/A       100%        9
 Simulacrum               Ice/Necr       Unusable   N/A       N/A         6

Dungeon Overview and Level Annotations

Branches:
Dungeon (11/15)            Temple (0/1) D:5
   Lair: D:8-11         Orc: D:9-12

Altars:
Ashenzari
Elyvilon
Makhleb
Nemelex Xobeh
Ru
Trog
Vehumet
Yredelemnul

Shops:
D:1 :   D:2 *   D:3 !   D:6 :

Portals:
Trove: D:11 (give +2 storm dragon scales)

Annotations:
D:6 1 transporter


Innate Abilities, Weirdness & Mutations

You have a pair of horns on your head.
You reflexively headbutt those who attack you in melee.


Message History

The warg bites your orc wizard zombie!
Your orc wizard zombie is destroyed!
The yak gores your orc priest zombie! The yak gores your orc priest zombie.
The orc hits your orc priest zombie with a +0 club.
Your orc priest zombie is destroyed!
You hit the cyan ugly thing. You drain the cyan ugly thing.
The cyan ugly thing is almost dead.
You slice the yak!!
You kill the yak!
The cyan ugly thing gores you!
* * * LOW HITPOINT WARNING * * *
The cyan ugly thing shocks you!
* * * LOW HITPOINT WARNING * * *
The orc priest looks satisfied for a moment.
You block the warg's attack. You block the cyan ugly thing's attack.
You closely miss the cyan ugly thing.
The cyan ugly thing is almost dead.
You slash the yak! You drain the yak. You hit the troll. You slash the warg!
You drain the warg. The warg bites your yak zombie!
You block the warg's attack. The yak gores you!
* * * LOW HITPOINT WARNING * * *
The troll bites you.
* * * LOW HITPOINT WARNING * * *
You block the troll's attack. The troll misses you.
Your yak zombie gores the warg!
The orc hits your yak zombie with a +0 club.
The cyan ugly thing gores you but does no damage.
Unknown command.
You feel much better. The warg bites your yak zombie! The warg bites you.
The troll bites you!
* * * LOW HITPOINT WARNING * * *
The troll claws you!
* * * LOW HITPOINT WARNING * * *
The troll claws you but does no damage. You block the yak's attack.
The orc hits your yak zombie with a +0 club.
Your yak zombie barely misses the warg.
The cyan ugly thing gores you.
* * * LOW HITPOINT WARNING * * *
The cyan ugly thing shocks you!
You die...
Your body rises from the dead as a mindless zombie.

......................
.....................
#............)......
#..........###'#.... .
#..........#...#....
.Y###..h.......#...+....
.#....oZ.......#...#....
...o.oYh.......#...#....
.....YT@.......#...#....
..$...u...<....#...#....
...............#...#....
...............# #....
...............#
#######........#
#......... #########


You could see a cyan ugly thing (drained), 3 yaks, a troll, 2 wargs, an orc
priest, 2 orcs and a friendly yak zombie.

Vanquished Creatures
  Pikel (D:3)
  A manticore (D:11)
  Grinder (D:4)
  A hornet (D:9)
  A wyvern (D:7)
  A vampire (D:5)
  15 yaks
  A wraith (D:9)
  Menkaure (D:4)
  A water moccasin (D:7)
  A sky beast (D:6)
  A black bear (D:7)
  2 orc warriors
  An ice beast (D:6)
  4 ogres
  5 centaurs
  A phantom (D:5)
  A kobold brigand (D:9)
  4 bullfrogs
  2 gnoll sergeants
  2 scorpions
  13 wights
  13 killer bees
  A howler monkey (D:7)
  A hound (D:5)
  3 jellies (D:5)
  3 orc priests
  4 iguanas
  5 orc wizards
  8 gnolls
  3 adders
  A shadow imp (D:8)
  4 white imps
  An ufetubus (D:6)
  2 worms (D:2)
  A dart slug (D:3)
  12 orcs
  7 ball pythons
  6 bats
  6 endoplasms
  3 giant cockroaches
  10 goblins
  8 hobgoblins
  4 jackals
  3 quokkas
  4 frilled lizards
  11 kobolds
  2 rats
187 creatures vanquished.

Vanquished Creatures (collateral kills)
  A two-headed ogre (D:11)
  Maggie (D:6)
  A troll (D:9)
  2 yaks
  An ogre (D:5)
  A necrophage (D:6)
  3 killer bees (D:9)
  A jelly (D:5)
  2 gnolls (D:5)
  A shadow imp (D:5)
14 creatures vanquished.

Vanquished Creatures (others)
  A centaur zombie (D:11)
  A killer bee zombie (D:9)
  A gnoll zombie (D:8)
  3 kobold zombies (D:9)
  7 orc zombies
  A plant (D:11)
14 creatures vanquished.

Grand Total: 215 creatures vanquished

Notes
Turn   | Place    | Note
-------+----------+-------------------------------------------
     0 | D:1      | MisterFreud the Minotaur Fighter began the quest for the
                  | Orb.
     0 | D:1      | Reached XP level 1. HP: 19/19 MP: 0/0
    28 | D:1      | Reached XP level 2. HP: 20/27 MP: 1/1
   553 | D:1      | Found Tajoojur's Book Emporium.
   786 | D:2      | Found Vekhisas's General Store.
   790 | D:2      | Reached XP level 3. HP: 33/34 MP: 2/2
   803 | D:2      | Bought a potion of curing for 39 gold pieces
  1061 | D:2      | Reached skill level 5 in Fighting
  1541 | D:3      | Found Lios's Distillery.
  1550 | D:3      | Reached XP level 4. HP: 36/42 MP: 3/3
  1890 | D:3      | Found a white marble altar of Elyvilon.
  2250 | D:4      | Noticed Pikel
  2250 | D:4      | Noticed a lemure
  2250 | D:4      | Noticed a lemure
  2250 | D:4      | Noticed a lemure
  2250 | D:4      | Noticed a lemure
  2312 | D:3      | Killed Pikel
  2313 | D:3      | Reached XP level 5. HP: 31/53 MP: 4/4
  2313 | D:3      | Reached XP level 6. HP: 35/61 MP: 5/5
  2313 | D:3      | Reached XP level 7. HP: 40/68 MP: 6/6
  2491 | D:4      | Noticed Grinder
  2502 | D:4      | Killed Grinder
  2503 | D:4      | Reached skill level 5 in Long Blades
  2709 | D:4      | Found a bloodstained altar of Trog.
  2739 | D:4      | Noticed Menkaure
  2998 | D:4      | Killed Menkaure
  3103 | D:4      | Found a basalt altar of Yredelemnul.
  3106 | D:4      | Reached XP level 8. HP: 69/74 MP: 7/7
  3144 | D:4      | Became a worshipper of Yredelemnul the Dark
  3470 | D:5      | Entered Level 5 of the Dungeon
  3546 | D:5      | Reached * piety under Yredelemnul
  3546 | D:5      | Reached skill level 1 in Invocations
  3972 | D:5      | Reached ** piety under Yredelemnul
  4076 | D:5      | Reached *** piety under Yredelemnul
  5121 | D:5      | Found a staircase to the Ecumenical Temple.
  5630 | D:6      | Found Iffuceit's Tremendous Tomes.
  5681 | D:6      | Reached XP level 9. HP: 66/83 MP: 11/11
  5882 | D:6      | Reached skill level 5 in Invocations
  6035 | D:6      | Found a sparkling altar of Nemelex Xobeh.
  6035 | D:6      | Found a transporter.
  6036 | D:6      | Noticed a troll
  6091 | D:6      | Noticed Maggie
  6105 | D:6      | Killed Maggie
  6429 | D:6      | Found a radiant altar of Vehumet.
  6577 | D:7      | Found a sacrificial altar of Ru.
  7759 | D:8      | Reached skill level 10 in Fighting
  7759 | D:8      | Reached skill level 10 in Long Blades
  7924 | D:8      | Identified the +8 broad axe of Exquisite Death {drain,
                  | Str+2 Stlth+}
  8298 | D:8      | Reached skill level 1 in Axes
  8314 | D:8      | Reached XP level 10. HP: 66/85 MP: 14/14
  9706 | D:9      | Paralysed by a hornet for 2 turns
  9948 | D:9      | You fall into a shaft and drop 1 floor!
  9948 | D:10     | Entered Level 10 of the Dungeon
 10086 | D:8      | Found a broken altar of Ashenzari.
 10963 | D:8      | Reached skill level 5 in Axes
 11091 | D:8      | Found a burning altar of Makhleb.
 11858 | D:10     | Reached XP level 11. HP: 101/101 MP: 16/16
 12297 | D:11     | Found a portal to a secret trove of treasure.
 12492 | D:11     | Identified the ring of the Death Scarab {rPois rF+ Int-4
                  | SInv Stlth-}
 12494 | D:11     | Noticed a two-headed ogre
 12499 | D:11     | Killed a two-headed ogre
 12500 | D:11     | Reached skill level 10 in Axes
 12615 | D:11     | Noticed a cyan ugly thing
 12632 | D:11     | Slain by a cyan ugly thing

Illustrated notes

Levels and vault maps discovered:
D:1:      beargit_arrival_diablo_church, layout_basic, serial_shops, shop
D:2:      layout_loops_cross, serial_shops, nicolae_square_shop,
          minmay_pentomino_o2
D:3:      layout_basic, elyvilon_altar_3, serial_shops, shop
D:4:      layout_cave_pools, mainiacjoe_overflow_six_doors_small,
          overflow_temple_1_default, uniq_pikel, uniq_grinder, uniq_menkaure
D:5:      layout_layer_cave, minmay_temple_entry_mist
D:6:      nicolae_cairo_tiling_large_dashed, layout_cave_pools,
          grunt_nemelex_the_gamble, nicolae_vehumet_radiance, serial_park,
          serial_park_square3 [serial_park_minivault_5x5_7], serial_park_tiny_2,
          nicolae_shop_i_like_big_books, uniq_maggie
D:7:      layout_basic, mainiacjoe_overflow_surrounded_room
D:8:      layout_rooms, mainiacjoe_overflow_alcove_1,
          mainiacjoe_overflow_concentric_impassable
D:9:      layout_irregular_city
D:10:     layout_loops_ring
D:11:     lemuel_slime, layout_irregular_city, erik_lair_orcish_takeover,
          enter_trove_2

Skill      XL: |  1  2  3  4  5  6  7  8  9 10 11 |
---------------+----------------------------------+-----
Fighting       | 4 5 8 9 10 | 10.9
Shields        | 4 |  4.0
Armour         | 6 |  6.0
Long Blades    | 3 7 8 10 | 10.0
Invocations    | 4 7 8 |  8.7
Axes           | 1 9 10 | 10.7

Action                   |  1- 3 |  4- 6 |  7- 9 | 10-12 || total
-------------------------+-------+-------+-------+-------++-------
Melee: Long sword        |    92 |    63 |   298 |   106 ||   559
       Headbutt          |     8 |     8 |    72 |    46 ||   134
       Broad axe         |       |       |       |   101 ||   101
Throw: Javelin           |       |       |     4 |       ||     4
Invok: Dark Bargain      |       |       |     5 |     2 ||     7
       Recall Undead Har |       |       |     3 |     2 ||     5
  Use: Scroll            |     6 |     3 |     1 |    12 ||    22
       Potion            |       |     2 |       |     3 ||     5
 Stab: Distracted        |       |       |     2 |     2 ||     4
Armor: Scale mail        |    37 |       |       |       ||    37
       Chain mail        |     3 |    12 |   100 |    92 ||   207
       Skin              |       |    18 |       |       ||    18
Dodge: Dodged            |    46 |    10 |    59 |    78 ||   193
Block: Buckler           |    12 |    31 |   161 |   137 ||   341
       Reflection        |       |     1 |    12 |     4 ||    17
